 Dungeon Crawl Stone Soup version 0.29.1-1-gd02db6906a (webtiles) character file.

Game seed: 2963195304091573491

6454 MisterFreud the Cruncher (level 11, -1/87 (89) HPs)
             Began as a Formicid Gladiator on Sept 30, 2022.
             Was an Initiate of Yredelemnul.
             Slain by a troll (13 damage)
             ... on level 8 of the Dungeon.
             The game lasted 00:14:52 (12433 turns).

MisterFreud the Cruncher (Formicid Gladiator)      Turns: 12433, Time: 00:14:52

HP:   -1/87 (89)    AC: 13    Str: 22    XL:     11   Next: 18%
MP:   16/17         EV:  9    Int:  7    God:    Yredelemnul [......]
Gold: 659           SH:  0    Dex: 17    Spells: 10/10 levels left

rFire   . . .      SeeInvis +   a - +0 quarterstaff (vorpal)
rCold   . . .      Faith    .   (no shield)
rNeg    + . .      Spirit   .   r - +1 chain mail
rPois   .          Reflect  .   (helmet unavailable)
rElec   .          Harm     .   (no cloak)
rCorr   +          Rampage  .   (no gloves)
Will    +....                   h - +0 pair of boots
Stlth   ..........              v - amulet of the acrobat
HPRegen 0.24/turn               g - ring of resist corrosion
MPRegen 0.15/turn               k - ring of positive energy

@: lightly drained
A: permanent stasis, dig shafts and tunnels, antennae 3, four strong arms
a: Dig, Shaft Self, Renounce Religion, Recall Undead Harvest


You were on level 8 of the Dungeon.
You worshipped Yredelemnul.
Yredelemnul was aware of your devotion.
You visited 2 branches of the dungeon, and saw 10 of its levels.
You also visited: Ossuary.

You collected 659 gold pieces.

Inventory:

Hand Weapons
 a - a +0 vorpal quarterstaff (weapon)
 E - the +8 broad axe of Nightmares {vorpal, Str+2}
   (You took it off an orc wizard on level 8 of the Dungeon)

   It inflicts extra damage upon your enemies.
   Str:       It affects your strength (+2).
Missiles
 c - 3 throwing nets
 d - 13 javelins
 e - 27 poisoned darts (quivered)
 p - 3 boomerangs
 u - a curare-tipped dart
 w - 3 silver boomerangs
Armour
 b - a +0 leather armour
 h - a +0 pair of boots (worn)
 r - a +1 chain mail (worn)
 s - +0 steam dragon scales
Jewellery
 g - a ring of resist corrosion (left hand)
 j - a ring of wizardry
 k - a ring of positive energy (right hand)
 m - a +6 ring of intelligence
 v - an amulet of the acrobat (around neck)
Wands
 l - a wand of roots (19)
 o - a wand of flame (40)
 y - a wand of charming (9)
Scrolls
 B - a scroll of amnesia
Potions
 f - 6 potions of curing
 i - 2 potions of lignification
 n - 2 potions of ambrosia
 q - a potion of brilliance
 t - 2 potions of heal wounds
 x - a potion of invisibility
 z - a potion of magic
 A - a potion of resistance
 D - 2 potions of mutation


   Skills:
 + Level 9.0 Fighting
 - Level 10.0 Staves
 - Level 2.1 Throwing
 + Level 9.0 Armour
 - Level 2.8 Dodging
 + Level 8.0 Invocations


You had 10 spell levels left.
You didn't know any spells.
Your spell library contained the following spells:

 Spells                   Type           Power      Damage    Failure   Level
 Inner Flame              Hex/Fire       0%         N/A       100%        3
 Cause Fear               Hex            0%         N/A       100%        4
 Discord                  Hex            0%         N/A       100%        8


Dungeon Overview and Level Annotations

Branches:
Dungeon (9/15)             Temple (1/1) D:6         Ossuary (visited)
   Lair: D:8-11         Orc: D:9-12

Altars:
Ashenzari
Cheibriados
Dithmenos
Elyvilon
Fedhas
Gozag
Hepliaklqana
Kikubaaqudgha
Makhleb
Nemelex Xobeh
Okawaru
Qazlal
Ru
Sif Muna
Trog
Uskayaw
Xom
Yredelemnul
Zin
The Shining One

Annotations:
D:3 1 transporter
D:8 3 runed translucent doors, EvilAshe's ghost, novice HOCA
Temple 2 transporters


Innate Abilities, Weirdness & Mutations

You cannot be hasted, slowed, berserked, paralysed or teleported.
You can dig through walls and to a lower floor.
You have a pair of large antennae on your head. (SInv)
Your four strong arms can wield two-handed weapons with a shield.


Message History

The wight misses you.
You sock the wight!
You destroy the wight!
Your Fighting skill increases to level 9!
Your Armour skill increases to level 9!
You barely miss the wight. You hit the wight.
The wight is moderately damaged.
The wight hits you with a +0 flail. You partially resist.
You feel drained.
You closely miss the wight.
The wight is moderately damaged.
The wight hits you with a +0 flail. You partially resist.
You feel drained.
You barely miss the wight.
The wight is moderately damaged.
The wight hits you with a +0 flail.
You sock the wight!
You destroy the wight!
Your Invocations skill increases to level 8!
You closely miss the troll. You punch the troll, but do no damage.
You closely miss the troll. The troll bites you. The troll closely misses you.
The troll claws you but does no damage.
You hit the troll but do no damage. The troll bites you.
The troll completely misses you. The troll claws you.
You hit the troll.
The troll is lightly wounded.
The troll completely misses you. The troll claws you!
The troll claws you but does no damage.
You hit the troll.
The troll is moderately wounded.
The troll bites you!
* * * LOW HITPOINT WARNING * * *
The troll claws you!
* * * LOW HITPOINT WARNING * * *
The troll claws you.
* * * LOW HITPOINT WARNING * * *
Unknown command.
Unknown command.
The troll attacks as you move away! The troll bites you!
You die...
Your body rises from the dead as a mindless zombie.

...........##.##.#..#.# #.#
...........+.....#..#.# #.#
...........##.####..#.# #.#
....................#.####.#
...............###.##......#
................K...#..Z...#
...#.#.........#K#....###.##
............K..#T##.#####.#
...#...........#@##.......#
.......)>).....#.##########
.......).................#
................########.#
................# #.#
................# #.#
................# #.#
.....###........# #.#
.....##.........# #{#


You could see a troll, a kobold brigand and a kobold.

Vanquished Creatures
  A two-headed ogre (D:8)
  Maggie (D:8)
  A troll (D:8)
  A hornet (D:8)
  A shadow (D:8)
  3 steam dragons
  Duvessa (D:7)
  A water moccasin (D:8)
  A sky beast (D:8)
  An ice beast (D:5)
  An orc warrior (D:8)
  An ogre (D:4)
  A centaur (D:8)
  2 phantoms
  2 kobold brigands
  2 gnoll sergeants (D:8)
  8 bullfrogs
  5 scorpions
  4 necrophages
  4 water moccasin zombies (Ossuary)
  Dowan (D:7)
  2 wights (D:8)
  3 killer bees (D:8)
  3 howler monkeys
  2 lava snakes (D:8)
  6 orc priests
  4 jellies
  3 hounds
  4 iguanas
  5 orc wizards
  2 mummies (Ossuary)
  4 gnolls (D:5)
  11 adders
  2 shadow imps
  An ufetubus (D:5)
  4 adder zombies (Ossuary)
  2 worms (D:2)
  3 dart slugs
  32 orcs
  6 bats
  16 endoplasms
  4 giant cockroaches
  7 goblins
  5 hobgoblins
  4 jackals
  7 quokkas
  5 ball pythons
  5 frilled lizards (D:3)
  3 gnoll zombies (Ossuary)
  6 hobgoblin zombies (Ossuary)
  21 kobolds
  5 kobold zombies (Ossuary)
  5 orc zombies (Ossuary)
  6 rats
241 creatures vanquished.

Vanquished Creatures (collateral kills)
  A two-headed ogre (D:8)
  A centaur (D:7)
  A necrophage (D:8)
  A bullfrog (D:7)
  3 killer bees (D:8)
  An adder (D:5)
  An orc (D:7)
9 creatures vanquished.

Vanquished Creatures (others)
  A water moccasin zombie (D:8)
  A bullfrog zombie (D:8)
  A scorpion zombie (D:5)
  3 killer bee zombies (D:8)
  A steam dragon zombie (D:8)
  2 orc zombies (D:8)
  A kobold zombie (D:9)
  9 fungi (D:3)
  8 plants
  5 toadstools (D:3)
32 creatures vanquished.

Grand Total: 282 creatures vanquished

Notes
Turn   | Place    | Note
-------+----------+-------------------------------------------
     0 | D:1      | MisterFreud the Formicid Gladiator began the quest for the
                  | Orb.
     0 | D:1      | Reached XP level 1. HP: 16/16 MP: 1/1
   296 | D:1      | Reached XP level 2. HP: 23/23 MP: 2/2
   457 | D:1      | Reached XP level 3. HP: 28/28 MP: 3/3
   752 | D:1      | Reached skill level 4 in Staves
  1346 | D:2      | Reached XP level 4. HP: 31/34 MP: 4/4
  2272 | D:3      | Reached skill level 5 in Staves
  2457 | D:3      | Reached XP level 5. HP: 30/39 MP: 5/5
  3065 | D:3      | Found a faded altar of an unknown god.
  3129 | D:3      | Reached skill level 6 in Staves
  3129 | D:3      | Reached skill level 1 in Armour
  3129 | D:3      | Reached XP level 6. HP: 39/47 MP: 6/6
  3502 | D:3      | Reached XP level 7. HP: 29/53 MP: 7/7
  3867 | D:3      | Found a sparkling altar of Nemelex Xobeh.
  3867 | D:3      | Found a transporter.
  4748 | D:5      | Entered Level 5 of the Dungeon
  4748 | D:5      | Found a white marble altar of Elyvilon.
  4748 | D:5      | Found a shimmering altar of Xom.
  4748 | D:5      | Found a hide-covered altar of Uskayaw.
  4816 | D:5      | Reached skill level 5 in Fighting
  4921 | D:5      | Reached skill level 5 in Armour
  4921 | D:5      | Reached XP level 8. HP: 24/61 MP: 8/8
  4928 | D:5      | HP: 1/61 [gnoll/+0 spear (4)]
  4929 | D:5      | You fall into a shaft and drop 1 floor!
  4929 | D:6      | Found a snail-covered altar of Cheibriados.
  5270 | D:5      | You fall into a shaft and drop 1 floor!
  5700 | D:6      | Reached skill level 7 in Staves
  5942 | D:6      | Reached skill level 8 in Staves
  6361 | D:6      | Found a staircase to the Ecumenical Temple.
  6388 | Temple   | Entered the Ecumenical Temple
  6388 | Temple   | Found a transporter.
  6388 | Temple   | Found a transporter.
  6390 | Temple   | Found a transporter.
  6390 | Temple   | Found a transporter.
  6401 | Temple   | Became a worshipper of Yredelemnul the Dark
  6627 | D:5      | Reached XP level 9. HP: 44/68 MP: 9/9
  7084 | D:5      | Reached skill level 9 in Staves
  7087 | D:5      | Reached * piety under Yredelemnul
  7953 | D:7      | Noticed Dowan
  7954 | D:7      | Noticed Duvessa
  7970 | D:7      | Killed Duvessa
  7971 | D:7      | Reached skill level 10 in Staves
  7971 | D:7      | Reached skill level 1 in Invocations
  7976 | D:7      | Killed Dowan
  8223 | D:7      | Reached ** piety under Yredelemnul
  8633 | D:7      | Reached *** piety under Yredelemnul
  9264 | D:8      | Noticed Maggie
  9290 | D:8      | Killed Maggie
  9291 | D:8      | Reached XP level 10. HP: 46/77 MP: 11/13
  9330 | D:8      | Found a sand-covered staircase.
  9335 | Ossuary  | Entered an ossuary
  9650 | Ossuary  | Reached skill level 5 in Invocations
 10367 | D:8      | Found a runed translucent gate.
 10367 | D:8      | Found a runed translucent gate.
 10367 | D:8      | Found a runed translucent gate.
 10370 | D:8      | Noticed an 11-headed hydra
 10371 | D:8      | Noticed EvilAshe's ghost (novice HOCA)
 11376 | D:8      | Noticed a two-headed ogre
 11380 | D:8      | Noticed a two-headed ogre
 11507 | D:8      | Killed a two-headed ogre
 11680 | D:8      | Identified the +8 broad axe of Nightmares {vorpal, Str+2}
 11684 | D:8      | Reached XP level 11. HP: 51/87 MP: 16/16
 11832 | D:8      | Killed a two-headed ogre
 12433 | D:8      | Slain by a troll

Illustrated notes

Levels and vault maps discovered:
D:1:      heliophobic_arrival_battle_scene, layout_basic
D:2:      layout_basic
D:3:      cheibrodos_fertilizer, layout_rooms, grunt_nemelex_the_gamble,
          shapermc_ecumenical_altar_mp_ritualfount,
          cheibrodos_sewer_entry_drain, st_stairs_10
D:4:      layout_cave_pools
D:5:      layout_loops_cross, chequers_temple_overflow_statue_of_worship
D:6:      layout_loops_cross, mainiacjoe_overflow_catwalk,
          minmay_temple_entry_statues_fountains
D:7:      layout_basic, minmay_bent, uniq_duvessa
D:8:      kennysheep_windowed_halls, layout_basic, enter_ossuary_2,
          gammafunk_ghost_hydra_chop, hangedman_decor_points, kennysheep_boxes,
          uniq_maggie
D:9:      layout_rooms, grunt_ministairs_9, hangedman_fish_farm
Temple:   hellmonk_temple_divided_pantheon

Skill      XL: |  1  2  3  4  5  6  7  8  9 10 11 |
---------------+----------------------------------+-----
Staves         | 4 5 6 8 10 | 10.0
Fighting       | 3 5 6 8 9 |  9.0
Armour         | 1 2 5 6 8 9 |  9.0
Invocations    | 4 7 8 |  8.0
Throwing       | |  2.1
Dodging        | |  2.8

Action                   |  1- 3 |  4- 6 |  7- 9 | 10-12 || total
-------------------------+-------+-------+-------+-------++-------
Melee: Quarterstaff      |    70 |   154 |   362 |   279 ||   865
       Punch             |     1 |     1 |     8 |     8 ||    18
Throw: Dart              |       |       |     7 |     2 ||     9
Invok: Dark Bargain      |       |       |       |     1 ||     1
 Abil: Shaft Self        |       |       |     2 |       ||     2
  Use: Scroll            |     5 |     3 |     7 |     6 ||    21
       Potion            |       |       |     1 |     3 ||     4
 Stab: Sleeping          |       |     1 |     2 |       ||     3
       Distracted        |       |       |     1 |     2 ||     3
Armor: Leather armour    |    14 |    40 |    33 |       ||    87
       Chain mail        |       |       |    33 |   138 ||   171
       Skin              |       |       |       |    13 ||    13
Dodge: Dodged            |    44 |   108 |   198 |   175 ||   525
